 Dungeon Crawl Stone Soup version 0.26-a0-852-g6321bf7485 (webtiles) character file.

Game seed: 17520197461121458048

1648 pablito the Gusty (level 8, 0/61 HPs)
             Began as a Demigod Air Elementalist on Nov 21, 2020.
             Slain by a sky beast (6 damage)
             ... on level 7 of the Dungeon.
             The game lasted 00:34:27 (7425 turns).

pablito the Gusty (Demigod Air Elementalist)        Turns: 7425, Time: 00:34:28

Health: 0/61       AC:  7    Str: 11    XL:     8   Next: 40%
Magic:  18/18      EV: 12    Int: 26    God:
Gold:   355        SH:  0    Dex: 16    Spells: 9/15 levels left

rFire    . . .     SeeInvis .   K - +4 trident
rCold    . . .     Faith    .   (no shield)
rNeg     . . .     Spirit   .   e - +0 leather armour
rPois    .         Reflect  .   l - +0 helmet
rElec    .         Harm     .   (no cloak)
rCorr    .         Rampage  .   (no gloves)
MR       ++...                  M - +2 pair of boots
Stlth    ++........             f - amulet of Oenomania {RegenMP MR+ Int+3 Stlth+}
HPRegen  0.20/turn              o - ring of flight
MPRegen  0.41/turn              (no ring)

@: confused, swift (expiring), very quick
A: high mp 1, magic resistance 1, screaming 1
a: Evoke Flight


You were on level 7 of the Dungeon.
You visited 1 branch of the dungeon, and saw 7 of its levels.

You collected 355 gold pieces.

Inventory:

Hand Weapons
 r - a +2 falchion of electrocution
 G - a +3 spear
 K - a +4 trident (weapon)
Missiles
 d - 34 poisoned darts (quivered)
 k - 4 atropa-tipped darts
 F - 3 silver javelins
Armour
 a - a +0 robe
 e - a +0 leather armour (worn)
 j - a +0 buckler
 l - a +0 helmet (worn)
 p - a +0 helmet
 M - a +2 pair of boots (worn)
Jewellery
 f - the amulet of Oenomania (around neck) {RegenMP MR+ Int+3 Stlth+}
   (You found it on level 6 of the Dungeon)

   [amulet of magic regeneration]

   It increases your magic regeneration.
   It affects your intelligence (+3).
   It affects your resistance to hostile enchantments.
   It makes you more stealthy.
 o - a ring of flight (left hand)
 D - an uncursed amulet of regeneration
Wands
 s - a wand of acid (5)
 A - a wand of random effects (28)
 C - a wand of flame (1)
 N - a wand of digging (4)
Scrolls
 h - 2 scrolls of enchant weapon {unknown}
 i - 4 scrolls of magic mapping {unknown}
 n - 5 scrolls of teleportation {unknown}
 w - a scroll of fear {unknown}
 x - 2 scrolls of enchant armour {unknown}
 y - 2 scrolls of fog {unknown}
 E - a scroll of amnesia {unknown}
 H - a scroll of identify
 I - 3 scrolls of remove curse {unknown}
Potions
 b - 2 potions of brilliance
 c - 2 potions of lignification
 g - 2 potions of magic
 m - 2 potions of invisibility
 q - 3 potions of might
 t - 3 potions of berserk rage
 u - a potion of cancellation
 v - 2 potions of haste
 B - 2 potions of flight


   Skills:
 + Level 2.2 Fighting
 - Level 0.1 Long Blades
 * Level 3.3 Polearms
 - Level 1.7 Dodging
 - Level 1.7 Stealth
 + Level 3.9 Shields
 + Level 4.4 Spellcasting
 + Level 4.6 Conjurations
 + Level 5.3 Air Magic


You had 9 spell levels left.
You knew the following spells:

 Your Spells              Type           Power        Failure   Level
a - Shock                 Conj/Air       ####         1%          1
b - Swiftness             Air            ####....     1%          2
c - Static Discharge      Conj/Air       ####....     4%          3

Your spell library contained the following spells:

 Spells                   Type           Power        Failure   Level
 Magic Dart               Conj           ####         1%          1
 Mephitic Cloud           Conj/Pois/Air  ###.....     9%          3
 Conjure Flame            Conj/Fire      ###.....     12%         3
 Airstrike                Air            ####......   12%         4
 Blink                    Tloc           N/A          16%         2
 Call Imp                 Summ           #.......     16%         2
 Slow                     Hex            #.......     16%         2
 Lightning Bolt           Conj/Air       ####......   36%         5


Dungeon Overview and Level Annotations

Branches:
Dungeon (7/15)             Temple (0/1) D:6


Innate Abilities, Weirdness & Mutations

You have an increased reservoir of magic. (+10% MP)
You are resistant to hostile enchantments. (MR+)
You occasionally shout uncontrollably at your foes.


Message History

* * * LOW HITPOINT WARNING * * *
Something shocks you.
* * * LOW HITPOINT WARNING * * *
It was a potion of curing.
You feel better. Something hits you but does no damage.
It was a potion of ambrosia.
You are confused.
You feel invigorated. Something hits you.
* * * LOW HITPOINT WARNING * * *
Something shocks you.
* * * LOW HITPOINT WARNING * * *
Quiver which item? (- for none, * to show all) (? for menu, Esc to quit)
Okay, then.
It was a potion of mutation.
You feel extremely strange.
You feel the urge to shout.
You feel robust.
You feel frail.
You feel resistant to hostile enchantments.
Something hits you.
* * * LOW HITPOINT WARNING * * *
Something shocks you.
You die...

#.........#
#.........#
#.....)...#
#.......(.#
#.........#
####.#.####
#...#.#
##(###.# #.(#
#@# #.## #{#
### ##.# #.#
#.... #..# #.#
#.... #.## #.#
#.... ###.#
#.# #....
##...# #.#
#....##..#####
#.#
#............#
..


There were no monsters in sight!

Vanquished Creatures
  A water moccasin (D:6)
  An ogre (D:7)
  2 centaurs
  3 bullfrogs
  A gnoll sergeant (D:7)
  A scorpion (D:5)
  5 wights (D:6)
  A crimson imp (D:4)
  A jelly (D:6)
  A centaur skeleton (D:6)
  2 hounds
  2 iguanas
  2 orc priests (D:4)
  Jessica (D:2)
  2 orc wizards
  A worker ant (D:4)
  2 hound skeletons
  9 adders
  11 gnolls
  A howler monkey skeleton (D:7)
  3 shadow imps
  2 white imps (D:5)
  An ufetubus (D:5)
  3 oozes
  An adder zombie (D:5)
  8 worms
  A dart slug (D:4)
  5 leopard geckos
  13 orcs
  3 giant cockroaches
  7 goblins
  9 hobgoblins
  6 jackals (D:1)
  3 quokkas
  3 ball pythons
  9 bats
  6 frilled lizards
  5 kobolds
  3 leopard gecko skeletons
  2 quokka skeletons
  4 quokka zombies
  8 rats
155 creatures vanquished.

Notes
Turn   | Place    | Note
-------+----------+-------------------------------------------
     0 | D:1      | pablito the Demigod Air Elementalist began the quest for
                  | the Orb.
     0 | D:1      | Reached XP level 1. HP: 14/14 MP: 5/5
    23 | D:1      | Reached skill level 1 in Conjurations
   460 | D:1      | Reached XP level 2. HP: 20/20 MP: 4/7
   617 | D:1      | Reached skill level 3 in Air Magic
  1021 | D:1      | Learned a level 2 spell: Swiftness
  1115 | D:1      | Reached XP level 3. HP: 26/26 MP: 6/9
  1722 | D:2      | Noticed Jessica
  1725 | D:2      | Killed Jessica
  1726 | D:2      | Reached XP level 4. HP: 33/33 MP: 6/10
  2082 | D:2      | Found an opulent altar of Gozag.
  2108 | D:2      | Reached skill level 1 in Shields
  2846 | D:3      | Reached XP level 5. HP: 38/38 MP: 5/12
  3113 | D:3      | Found a burning altar of Makhleb.
  3113 | D:3      | Noticed an Executioner
  3248 | D:3      | Found a white marble altar of Elyvilon.
  3384 | D:3      | Found a snail-covered altar of Cheibriados.
  3726 | D:3      | Noticed a moth of wrath
  3729 | D:3      | Found a bloodstained altar of Trog.
  3893 | D:3      | Reached skill level 4 in Air Magic
  4134 | D:4      | Reached XP level 6. HP: 42/45 MP: 2/13
  4241 | D:4      | Found a broken altar of Ashenzari.
  4241 | D:4      | Found an ornate altar of the Wu Jian Council.
  4453 | D:4      | Found a radiant altar of Vehumet.
  4501 | D:4      | Found a burning altar of Makhleb.
  4710 | D:4      | Learned a level 3 spell: Static Discharge
  4761 | D:5      | Entered Level 5 of the Dungeon
  5270 | D:5      | Found a glowing silver altar of Zin.
  5431 | D:5      | Reached XP level 7. HP: 50/50 MP: 11/15
  5975 | D:6      | Reached skill level 1 in Polearms
  6056 | D:6      | Reached skill level 1 in Fighting
  6606 | D:6      | Got a coiled steel amulet
  6617 | D:6      | Identified the amulet of Oenomania {RegenMP MR+ Int+3
                  | Stlth+} (You found it on level 6 of the Dungeon)
  6744 | D:6      | Reached skill level 5 in Air Magic
  6744 | D:6      | Reached XP level 8. HP: 56/59 MP: 13/17
  6810 | D:6      | Found a staircase to the Ecumenical Temple.
  7422 | D:7      | HP: 2/61 [something (5)]
  7425 | D:7      | Gained mutation: You occasionally shout uncontrollably at
                  | your foes. [potion of mutation]
  7425 | D:7      | Gained mutation: You are robust. (+10% HP) [potion of
                  | mutation]
  7425 | D:7      | Lost mutation: You are robust. (+10% HP) [potion of
                  | mutation]
  7425 | D:7      | Gained mutation: You are resistant to hostile enchantments.
                  | (MR+) [potion of mutation]
  7425 | D:7      | Slain by a sky beast

Illustrated notes

Levels and vault maps discovered:
D:1:      dpeg_arrival_houses_and_road, layout_basic
D:2:      layout_loops_ring, old_standard_altar, kennysheep_generic_room_8,
          uniq_jessica
D:3:      layout_basic, elyvilon_altar_5, lemuel_round_altar, tgw_trog,
          makhleb_altar_promises_db
D:4:      layout_basic, grunt_temple_overflow_lords_of_destruction,
          overflow_temple_1_default, ashenzari_altar_1
D:5:      layout_basic, zin_treasury
D:6:      layout_loops_corners, minmay_temple_entry_fiery,
          kennysheep_generic_room_15
D:7:      layout_rooms

Skill      XL: |  1  2  3  4  5  6  7  8 |
---------------+-------------------------+-----
Conjurations   | 1 2 3 4 |  4.6
Spellcasting   | 2 3 4 |  4.4
Air Magic      | 3 4 5 |  5.3
Shields        | 1 2 3 |  3.9
Polearms       | 2 3 |  3.3
Fighting       | 1 2 |  2.2
Long Blades    | |  0.1
Dodging        | |  1.7
Stealth        | |  1.7

Action                   |  1- 3 |  4- 6 |  7- 9 || total
-------------------------+-------+-------+-------++-------
Melee: Unarmed           |    10 |       |       ||    10
       Whip              |    18 |    27 |       ||    45
       Falchion          |       |     3 |     6 ||     9
       Trident           |       |       |    22 ||    22
Throw: Dart              |    13 |       |       ||    13
 Cast: Shock             |    66 |   206 |   121 ||   393
       Swiftness         |     1 |     2 |     1 ||     4
       Static Discharge  |       |     1 |       ||     1
  Use: Scroll            |       |     9 |       ||     9
       Potion            |       |       |     3 ||     3
Armor: Robe              |     2 |       |       ||     2
       Leather armour    |    11 |    15 |    21 ||    47
Dodge: Dodged            |    38 |    44 |    26 ||   108
       Rpst.: Falchion   |       |     3 |     1 ||     4

Table legend: (Time is in decaauts)
 A = Elapsed time spent in this place.
 B = Non-inter-level travel time spent in this place.
 C = Inter-level travel time spent in this place.
 D = Time resting spent in this place.
 E = Time spent auto-exploring this place.
 F = Levels seen in this place.
 G = Mean time per level.
                   A        B        C        D        E       F      G
               +--------+--------+--------+--------+--------+-----+--------+
         Total |   7437 |   7289 |    148 |    263 |   5764 |   7 | 1062.4 |
       Dungeon |   7437 |   7289 |    148 |    263 |   5764 |   7 | 1062.4 |
               +--------+--------+--------+--------+--------+-----+--------+

Top non-repeatable levels by time:
     D:1: 1433 daAuts
     D:2: 1332 daAuts
     D:3: 1263 daAuts
     D:6: 1181 daAuts
     D:5: 1000 daAuts
     D:4: 740 daAuts
     D:7: 485 daAuts
